 Dungeon Sprint DCSS version 0.21-a0-47-g7c8f537 (webtiles) character file.

2135 Kidiri the Thaumaturge (level 9, -11/55 (56) HPs)
             Began as a Deep Elf Fire Elementalist on June 8, 2017.
             Engulfed by a cloud of flame (24 damage)
             ... in the Dungeon (Sprint II: "The Violet Keep of Menkaure").
             The game lasted 00:07:37 (685 turns).

Kidiri the Thaumaturge (Deep Elf Fire Elementalist)  Turns: 685, Time: 00:07:38

HP:   -11/55 (56)   AC:  3    Str:  5    XL:     9   Next: 9%
MP:   8/29          EV: 19    Int: 24    God:
Gold: 514           SH:  0    Dex: 15    Spells: 18/36 levels left

rFire    . . .     SeeInvis .   (no weapon)
rCold    . . .     Gourm    .   (no shield)
rNeg     . . .     Faith    .   (no armour)
rPois    .         Spirit   .   (no helmet)
rElec    .         Reflect  .   e - +0 cloak
rCorr    .         Harm     .   k - +0 pair of gloves
MR       .....     NoTele   +   j - +0 pair of boots
Stlth    ++........             (no amulet)
Regen    0.2/turn               (no ring)
MPRegen  0.3/turn               (no ring)

@: no status effects
A: no striking features
a: no special abilities


You were in the Dungeon.
You were not hungry.

You visited 1 branch You collected 972 gold pieces.
You spent 458 gold pieces at shops.

Inventory:

Armour
 a - a +0 robe
 e - a +0 cloak (worn)
 j - a +0 pair of boots (worn)
 k - a +0 pair of gloves (worn)
Scrolls
 g - a scroll of identify
 i - a scroll of blinking
Potions
 f - a potion of haste
 h - a potion of berserk rage
Books
 b - a book of Flames

   Spells                             Type                      Level
   a - Flame Tongue                   Conjuration/Fire             1
   b - Throw Flame                    Conjuration/Fire             2
   c - Conjure Flame                  Conjuration/Fire             3
   d - Inner Flame                    Hexes/Fire                   3
   e - Sticky Flame                   Conjuration/Fire             4
   f - Fireball                       Conjuration/Fire             5
Comestibles
 c - a bread ration


   Skills:
 + Level 6.5 Fighting
 + Level 6.4 Armour
 + Level 9.6 Dodging
 - Level 2.4 Stealth
 * Level 14.1 Spellcasting
 + Level 8.6 Conjurations
 + Level 9.3 Fire Magic


You had 18 spell levels left.
You knew the following spells:

 Your Spells              Type           Power        Failure   Level  Hunger
a - Flame Tongue          Conj/Fire      #####        1%          1    None
b - Throw Flame           Conj/Fire      ######       1%          2    None
c - Conjure Flame         Conj/Fire      ######..     1%          3    None
d - Inner Flame           Hex/Fire       #####...     1%          3    None
e - Sticky Flame          Conj/Fire      ######..     1%          4    None
f - Fireball              Conj/Fire      ######....   2%          5    ###....


Dungeon Overview and Level Annotations

Branches:
Dungeon (1/1)

Altars:
Cheibriados
Dithmenos
Elyvilon
Fedhas
Gozag
Hepliaklqana
Kikubaaqudgha
Makhleb
Qazlal
Ru
Sif Muna
Trog
Uskayaw
Wu Jian
Xom
Yredelemnul
The Shining One
Beogh
Jiyva
Lugonu

Shops:
D }:(!!:?:=[**[=[%

Annotations:
D exclusion: oklob plant


Message History

Your experience leads to an increase in your attributes!
Increase (S)trength, (I)ntelligence, or (D)exterity?
You feel clever.
Unknown command.
Okay, then.
Unknown command.
You start resting.
You are engulfed in a cloud of scalding steam.
Unknown command.
Casting: Inner Flame
Confirm with . or Enter, or press ? or * to list all spells.
Aiming: Conjure Flame
Press: ? - help, Dir - move target cursor The fire ignites!
You are engulfed in a cloud of scalding steam.
* * * LOW HITPOINT WARNING * * *
Unknown command.
Really walk into that cloud of flame?
You are engulfed in blazing flames.
You die...

.....#,,+,,,,*,,*,,*,,,,,,,,**,,,
+##..#,,***#.*,,*,,*,,,,,,,,**,⌠,
..##.####,,+.###*,,*,,,,,,,,**,,,
#..#....#,,*...#*##*,,,,,,,,**,,,
#.####..##**#..#*$#*,,,,,,,,**,,,
+###.##..#,,+..#,%#*,,,,,,,,**,,,
.##...#..#,,#..#,h#*,,,!,,,,**,⌠,
<.+)#.+..####.^##§#*,?!$,,,,**,,,
.##...#..§.###§§@##▓▓▓▓▓**+****+*
+###.##..%%..≈≈≈§§≈≈≈%≈≈≈≈,,,≈≈≈*
.#####≈≈.%..%%#+########+***,≈≈≈*
##.#≈≈≈≈≈≈≈..≈#.._.....#≈≈≈**≈≈≈*
#.##≈≈§§≈≈≈≈.≈#._._....#≈≈≈≈*****
+##≈≈≈≈≈≈§≈≈≈≈#_._._...#≈≈≈≈≈**,,
≈≈≈≈≈≈§§§§§§≈≈#._._._..#≈≈≈≈≈≈*,,
#+++#≈≈§≈§§≈≈≈#_._._._.#≈≈≈≈≈≈+,,
zzz≈##≈§≈###§≈#._._._._#≈≈≈≈≈≈*,,


You could see a polar bear (wandering).

Vanquished Creatures
  A merfolk siren (D)
  A yaktaur (D)
  2 polar bears (D)
  A hornet (D)
  2 hippogriffs (D)
  A vampire mosquito (D)
  Menkaure (D)
  4 necrophages (D)
  3 worms (D)
16 creatures vanquished.

Vanquished Creatures (others)
  A crocodile (D)
1 creature vanquished.

Grand Total: 17 creatures vanquished

Notes
Turn   | Place    | Note
-------+----------+-------------------------------------------
     0 | D        | Kidiri the Deep Elf Fire Elementalist began the quest for the Orb.
     0 | D        | Reached XP level 1. HP: 10/10 MP: 6/6
     1 | D        | Noticed a necrophage
     1 | D        | Noticed a necrophage
     1 | D        | Noticed a necrophage
     1 | D        | Noticed a necrophage
    12 | D        | Killed a necrophage
    12 | D        | Reached skill level 6 in Spellcasting
    12 | D        | Reached XP level 2. HP: 12/17 MP: 2/11
    12 | D        | Reached XP level 3. HP: 15/21 MP: 2/13
    12 | D        | Reached XP level 4. HP: 19/26 MP: 2/14
    12 | D        | Killed a crocodile
    18 | D        | Killed a necrophage
    18 | D        | Reached skill level 5 in Dodging
    18 | D        | Reached skill level 8 in Spellcasting
    18 | D        | Reached skill level 5 in Fire Magic
    18 | D        | Reached XP level 5. HP: 15/31 MP: 12/17
    24 | D        | Killed a necrophage
    24 | D        | Reached skill level 9 in Spellcasting
    24 | D        | Reached skill level 5 in Conjurations
    28 | D        | Killed a necrophage
    28 | D        | Reached skill level 10 in Spellcasting
    28 | D        | Reached XP level 6. HP: 31/37 MP: 6/21
    32 | D        | Learned a level 2 spell: Throw Flame
    36 | D        | Learned a level 3 spell: Conjure Flame
    40 | D        | Learned a level 3 spell: Inner Flame
    45 | D        | Learned a level 4 spell: Sticky Flame
    51 | D        | Learned a level 5 spell: Fireball
   118 | D        | Noticed a merfolk siren
   169 | D        | Noticed a flying skull
   169 | D        | Noticed a flying skull
   169 | D        | Noticed a flying skull
   169 | D        | Noticed a flying skull
   170 | D        | Noticed a flying skull
   170 | D        | Noticed a flying skull
   170 | D        | Noticed a flying skull
   171 | D        | Noticed a flying skull
   171 | D        | Noticed a flying skull
   172 | D        | Noticed a flying skull
   172 | D        | Noticed a flying skull
   173 | D        | Noticed a flying skull
   191 | D        | Noticed a hippogriff
   191 | D        | Noticed a hippogriff
   197 | D        | Killed a hippogriff
   197 | D        | Reached XP level 7. HP: 16/43 MP: 12/23
   205 | D        | Killed a hippogriff
   205 | D        | Reached skill level 5 in Fighting
   205 | D        | Reached skill level 11 in Spellcasting
   399 | D        | Killed a merfolk siren
   399 | D        | Reached skill level 5 in Armour
   399 | D        | Reached skill level 12 in Spellcasting
   399 | D        | Reached XP level 8. HP: 49/49 MP: 15/26
   453 | D        | Noticed an orange crystal statue
   455 | D        | Noticed Menkaure
   457 | D        | Killed Menkaure
   481 | D        | Found Zazetebb's Food Emporium.
   482 | D        | Found Mifidgh's Jewellery Emporium.
   482 | D        | Found Kaheoll's Antique Armour Shoppe.
   490 | D        | Found Xucw's General Store.
   490 | D        | Found Ejo Sior's Antique Armour Shoppe.
   492 | D        | Found Muachag's Magic Scroll Emporium.
   492 | D        | Found Okovoal's Book Shoppe.
   492 | D        | Found Goggicar's Armour Shoppe.
   492 | D        | Found Otoykk's Jewellery Emporium.
   493 | D        | Found Tyidif's General Store.
   493 | D        | Found Zicyhoos's Distillery.
   494 | D        | Found Poovys's Book Shoppe.
   496 | D        | Found Piwyl's Distillery.
   496 | D        | Found Melasi's Antique Weapon Emporium.
   496 | D        | Noticed a fire dragon
   496 | D        | Noticed an oklob plant
   497 | D        | Found Udaentef's Gadget Shoppe.
   497 | D        | Found Vago's Book Shoppe.
   501 | D        | Noticed a hippogriff
   501 | D        | Noticed a hippogriff
   502 | D        | Noticed a hippogriff
   549 | D        | Bought a scroll of magic mapping for 45 gold pieces
   549 | D        | Bought a scroll of identify for 26 gold pieces
   560 | D        | Bought a bloodstained robe for 91 gold pieces
   560 | D        | Bought a pair of boots for 72 gold pieces
   570 | D        | Identified the +1 robe of the Greedy {-Cast rN+++ rCorr Str-2} (You bought it in a shop in the Dungeon)
   583 | D        | Bought a cloak for 112 gold pieces
   583 | D        | Bought a pair of gloves for 112 gold pieces
   658 | D        | Found a stormy altar of Qazlal.
   658 | D        | Found an ornate altar of the Wu Jian Council.
   659 | D        | Found a hazy altar of Hepliaklqana.
   659 | D        | Found a sacrificial altar of Ru.
   659 | D        | Found a shimmering altar of Xom.
   660 | D        | Found a roughly hewn altar of Beogh.
   660 | D        | Found a viscous altar of Jiyva.
   660 | D        | Found a deep blue altar of Sif Muna.
   661 | D        | Found a snail-covered altar of Cheibriados.
   661 | D        | Found an ancient bone altar of Kikubaaqudgha.
   661 | D        | Found a bloodstained altar of Trog.
   662 | D        | Found a shadowy altar of Dithmenos.
   662 | D        | Found a corrupted altar of Lugonu.
   662 | D        | Found a glowing golden altar of the Shining One.
   662 | D        | Found a basalt altar of Yredelemnul.
   662 | D        | Found a hide-covered altar of Uskayaw.
   663 | D        | Found a white marble altar of Elyvilon.
   663 | D        | Found a burning altar of Makhleb.
   665 | D        | Found a blossoming altar of Fedhas.
   667 | D        | Found an opulent altar of Gozag.
   667 | D        | Noticed a yaktaur
   667 | D        | Noticed a hornet
   667 | D        | Noticed a polar bear
   668 | D        | Noticed a polar bear
   671 | D        | Noticed a polar bear
   672 | D        | Killed a polar bear
   672 | D        | Reached skill level 13 in Spellcasting
   673 | D        | Killed a polar bear
   675 | D        | Killed a yaktaur
   675 | D        | Killed a hornet
   675 | D        | Reached skill level 14 in Spellcasting
   675 | D        | Reached XP level 9. HP: 15/55 MP: 9/29
   685 | D        | Engulfed by a cloud of flame

Vault maps used:
D:        the_violet_keep_of_menkaure

Skill      XL: |  1  2  3  4  5  6  7  8 |
---------------+-------------------------+-----
Fighting       | 2 3 4 5 6 |  6.5
Armour         | 2 3 4 5 6 |  6.4
Dodging        | 4 5 6 7 8 9 |  9.6
Spellcasting   | 6 8 10 12 14 | 14.1
Conjurations   | 3 4 5 6 7 8 |  8.6
Fire Magic     | 4 5 6 7 8 9 |  9.3
Stealth        | |  2.4

Action                   |  1- 3 |  4- 6 |  7- 9 || total
-------------------------+-------+-------+-------++-------
 Cast: Flame Tongue      |     8 |    29 |    19 ||    56
       Conjure Flame     |       |     1 |     3 ||     4
       Sticky Flame      |       |     1 |     2 ||     3
       Throw Flame       |       |       |     1 ||     1
       Inner Flame       |       |       |     2 ||     2
       Fireball          |       |       |     1 ||     1
  Use: Potion            |     1 |     3 |       ||     4
       Scroll            |       |       |     1 ||     1
Armor: Robe              |       |     1 |       ||     1
Dodge: Dodged            |     8 |    10 |     6 ||    24
